 Dungeon Crawl Stone Soup version 0.26-a0-1184-g95e395e029 (webtiles) character file.

Game seed: 17652270184140403787

543 sanka the Slicer (level 7, 0/35 HPs)
             Began as a Spriggan Abyssal Knight on Dec 27, 2020.
             Was a Priest of Lugonu.
             Slain by Menkaure (14 damage)
             ... on level 4 of the Dungeon.
             The game lasted 00:06:28 (4618 turns).

sanka the Slicer (Spriggan Abyssal Knight)          Turns: 4618, Time: 00:06:28

Health: 0/35       AC:  2    Str:  8    XL:     7   Next: 6%
Magic:  9/9        EV: 20    Int: 14    God:    Lugonu [***...]
Gold:   267        SH:  0    Dex: 17    Spells: 6/6 levels left

rFire    . . .     SeeInvis +   a - +0 dagger (distort)
rCold    . . .     Faith    .   (shield restricted)
rNeg     . . .     Spirit   .   q - +0 robe
rPois    .         Reflect  .   (helmet restricted)
rElec    .         Harm     .   (no cloak)
rCorr    .         Rampage  .   (gloves unavailable)
Will     +....                  (boots unavailable)
Stlth    ++........             (no amulet)
HPRegen  0.11/turn              (no ring)
MPRegen  0.11/turn              (no ring)

@: very quick
A: very small, unfitting armour, see invisible, speed 3
a: Renounce Religion, Depart the Abyss, Bend Space, Banish


You were on level 4 of the Dungeon.
You worshipped Lugonu.
Lugonu was most pleased with you.
You visited 1 branch of the dungeon, and saw 4 of its levels.
You visited the Abyss 1 time.

You collected 267 gold pieces.


Innate Abilities, Weirdness & Mutations

You are very small and have problems with some larger weapons.
You are too small for most types of armour.
You have supernaturally acute eyesight. (SInv)
You cover ground extremely quickly.


   Skills:
 - Level 2.4 Fighting
 - Level 8.0 Short Blades
 + Level 5.2 Dodging
 - Level 1.7 Invocations


You had 6 spell levels left.
You didn't know any spells.
Your spell library was empty.

Inventory:

Hand Weapons
 a - a +0 dagger of distortion (weapon)
 b - a +1 short sword
Missiles
 n - 9 poisoned darts
Armour
 q - a +0 robe (worn)
Scrolls
 c - 10 scrolls of identify {unknown}
 d - 3 scrolls of amnesia {unknown}
 f - a scroll of fog {unknown}
 g - 2 scrolls of remove curse {unknown}
 i - a scroll of noise {unknown}
 k - a scroll of magic mapping {unknown}
 l - 2 scrolls of random uselessness {unknown}
 p - a scroll of enchant armour {unknown}
 r - a scroll of teleportation {unknown}
 t - a scroll of enchant weapon {unknown}
Potions
 e - 2 potions of flight {unknown}
 h - a potion of lignification {unknown}
 j - a potion of degeneration {!q}
 m - a potion of curing {unknown}
 o - a potion of brilliance
 s - a potion of heal wounds {@q2}

Dungeon Overview and Level Annotations

Branches:
Dungeon (4/15)
 Temple: D:4-7

Altars:

Annotations:
D:4 Menkaure

▒▒▒▒▒▒▒▒.▒▒▒▒▒▒ ▒......▒
▒......▒ ▒......▒ ▒......▒
≈ ▒▒▒▒......▒ ▒▒▒▒▒▒▒▒.≈≈.
▒.........▒▒▒▒▒.#......≈≈.
▒.........▒.....)▒▒▒▒....S
▒....▒▒▒+▒▒.....i.▒ ≈≈.
.▒▒▒▒▒ ▒.▒▒....M..▒ . .▒
▒.▒▒.......▒ .▒
▒.▒▒▒▒▒▒▒▒)▒ .▒▒ ▒.▒ ▒.▒
..▒ ▒▒▒▒.▒ ▒.▒
▒.▒▒▒<▒▒.▒▒▒▒▒▒▒▒.▒
▒..▒▒.▒▒.▒........▒
...........▒▒▒▒▒▒▒▒▒▒▒▒▒


You could see Menkaure.


Message History

You kill the orc!
Lugonu accepts your kill.
No target in view!
You start waiting.
Menkaure is nearby!
Things that are here:
a +0 club; a +0 leather armour; an orc corpse You hit Menkaure but do no damage.
Space bends around Menkaure.
Menkaure is lightly damaged.
Menkaure gestures at you while chanting.
Pain shoots through your body!
You hit Menkaure but do no damage.
Space bends around Menkaure.
Menkaure is lightly damaged.
You hit Menkaure but do no damage.
Space bends around Menkaure.
Menkaure is moderately damaged.
Menkaure closely misses you.
You hit Menkaure.
Menkaure is moderately damaged.
Menkaure blinks!
Menkaure calls on the powers of darkness!
Your body is wracked with pain!
* * * LOW HITPOINT WARNING * * *
You see here 24 stones.
Things that are here:
a +0 club; a +0 leather armour; an orc corpse Menkaure hits you!
You die...

Action                   |  1- 3 |  4- 6 |  7- 9 || total
-------------------------+-------+-------+-------++-------
Melee: Short sword       |   157 |   187 |     7 ||   351
       Dagger            |       |    21 |     6 ||    27
  Use: Potion            |     4 |       |       ||     4
 Stab: Sleeping          |     1 |     2 |       ||     3
       Distracted        |       |     1 |       ||     1
Armor: Robe              |    11 |     8 |       ||    19
Dodge: Dodged            |   106 |   150 |     6 ||   262

Levels and vault maps discovered:
D:1:      dpeg_arrival_circle_labyrinth_c, layout_basic
D:2:      layout_rooms, corexii_hall_statues_l, grunt_decor_cap, uniq_robin
D:3:      layout_rooms, kennysheep_cluttered_room
D:4:      layout_basic, cheibrodos_sewer_entry_sluice, uniq_menkaure,
          uniq_grinder

Notes
Turn   | Place    | Note
-------+----------+-------------------------------------------
     0 | Abyss:1  | sanka the Spriggan Abyssal Knight began the quest for the
                  | Orb.
     0 | Abyss:1  | Reached XP level 1. HP: 11/11 MP: 3/3
    18 | Abyss:1  | Found a corrupted altar of Lugonu.
   188 | D:1      | Escaped the Abyss
   633 | D:1      | Reached skill level 3 in Short Blades
   636 | D:1      | Reached XP level 2. HP: 12/16 MP: 4/4
   912 | D:1      | Reached ** piety under Lugonu
   966 | D:1      | Reached XP level 3. HP: 19/19 MP: 5/5
  1059 | D:1      | Reached skill level 4 in Short Blades
  1302 | D:2      | Noticed Robin
  1884 | D:2      | Killed Robin
  1885 | D:2      | Reached XP level 4. HP: 14/23 MP: 6/6
  2213 | D:2      | Reached skill level 5 in Short Blades
  3134 | D:3      | Reached XP level 5. HP: 16/27 MP: 7/7
  3296 | D:3      | Reached *** piety under Lugonu
  3548 | D:3      | Reached skill level 6 in Short Blades
  3667 | D:4      | Noticed Grinder
  3691 | D:4      | Killed Grinder
  3692 | D:4      | Reached skill level 7 in Short Blades
  3692 | D:4      | Reached XP level 6. HP: 14/32 MP: 8/8
  3695 | D:4      | Reached skill level 8 in Short Blades
  3876 | D:4      | Reached skill level 4 in Dodging
  4204 | D:4      | Reached skill level 5 in Dodging
  4204 | D:4      | Reached XP level 7. HP: 14/35 MP: 9/9
  4587 | D:4      | Noticed Menkaure
  4618 | D:4      | Slain by Menkaure

Vanquished Creatures
  Grinder (D:4)
  A howler monkey (D:4)
  A hound (D:4)
  A centaur skeleton (D:4)
  An iguana (D:4)
  Robin (D:2)
  4 gnolls
  4 adders
  A worm (D:2)
  3 dart slugs
  3 leopard geckos
  An orc (D:4)
  4 bats
  5 giant cockroaches
  16 goblins
  10 hobgoblins
  8 jackals
  2 quokkas
  2 ball pythons (D:3)
  3 frilled lizards
  9 kobolds
  4 rats
85 creatures vanquished.
